 Seeded DCSS version 0.29.1-12-g30fa7ad0bf (webtiles) character file.

Game seed: 1 (custom seed)

8641 Kazon the Covert (level 11, -7/100 HPs)
             Began as a Naga Berserker on Jan 6, 2023.
             Was an Elder of Trog.
             Mangled by an acid dragon (11 damage)
             ... on level 10 of the Dungeon on Jan 9, 2023.
             The game lasted 00:39:48 (8237 turns).

Kazon the Covert (Naga Berserker)                   Turns: 8237, Time: 00:39:49

Health: -7/100     AC: -2    Str: 28    XL:     11   Next: 34%
Magic:  11/11      EV: 11    Int: 12    God:    Trog [****..]
Gold:   447        SH: 10    Dex: 13    Spells: 10/10 levels left

rFire   + . .      SeeInvis +   s - +3 falchion of Winter {venom, rCorr}
rCold   + + +      Faith    .   c - +0 buckler
rNeg    + . .      Spirit   .   B - +3 leather armour {rC+}
rPois   +          Reflect  +   h - +0 helmet
rElec   +          Harm     .   K - scarf {rC+ rF+}
rCorr   +          Rampage  .   (no gloves)
Will    ++++.                   (no barding)
Stlth   ++++......              x - amulet "Peif" {Reflect rElec Will+ Str+9 Int+2 SH+5}
HPRegen 1.26/turn               q - ring of positive energy
MPRegen 0.12/turn               o - ring of protection from cold

@: strong-willed, corroded, regenerating, very slow
A: AC +3, large, see invisible, deformed body, poison resistance, slowness 2,
spit poison 1, naga tail 1
a: Spit Poison, Renounce Religion, Berserk, Trog's Hand, Brothers in Arms


You were on level 10 of the Dungeon.
You worshipped Trog.
Trog was greatly pleased with you.
You visited 1 branch of the dungeon, and saw 12 of its levels.

You collected 673 gold pieces.
You spent 226 gold pieces at shops.

Inventory:

Hand Weapons
 e - a +2 dagger of venom
 s - the +3 falchion of Winter (weapon) {venom, rCorr}
   (You bought it in a shop on level 3 of the Dungeon)

   It poisons the flesh of those it strikes.
   rCorr:     It protects you from acid and corrosion.
 N - the +5 long sword of the Land of Plenty {drain, Dex+3}
   (You found it on level 10 of the Dungeon)

   A truly terrible weapon, it drains the life of any living foe it strikes.
   Dex:       It affects your dexterity (+3).
Missiles
 g - 43 stones
 l - a throwing net
 m - 14 boomerangs (quivered)
 y - 3 curare-tipped darts
 G - 13 poisoned darts
Armour
 c - a +0 buckler (worn)
 h - a +0 helmet (worn)
 B - a +3 leather armour of cold resistance (worn)
 K - a scarf of resistance (worn)
Jewellery
 o - a ring of protection from cold (right hand)
 q - a ring of positive energy (left hand)
 x - the amulet "Peif" (around neck) {Reflect rElec Will+ Str+9 Int+2 SH+5}
   (You acquired it on level 1 of the Dungeon)

   [amulet of reflection]

   It reflects blocked missile attacks.
   Str:       It affects your strength (+9).
   Int:       It affects your intelligence (+2).
   rElec:     It insulates you from electricity.
   SH:        It affects your SH (+5).
   Will:      It increases your willpower.
 M - a ring of protection from cold
Wands
 a - a wand of paralysis (16)
 f - a wand of roots (6)
 w - a wand of mindburst (17)
 z - a wand of flame (38)
 L - a wand of polymorph (7)
Scrolls
 b - a scroll of amnesia {unknown}
 i - 7 scrolls of identify
 j - a scroll of immolation
 n - 3 scrolls of fog {unknown}
 p - 2 scrolls of poison {unknown}
 t - 2 scrolls of noise {unknown}
 u - a scroll of magic mapping
 v - 3 scrolls of teleportation
 C - 2 scrolls of enchant weapon {unknown}
 D - 3 scrolls of fear
 H - a scroll of summoning {unknown}
Potions
 d - 2 potions of haste
 k - 2 potions of flight
 r - 5 potions of lignification {unknown}
 A - 2 potions of cancellation
 E - 2 potions of curing
 F - a potion of might
 J - a potion of mutation {unknown}
Miscellaneous
 I - a condenser vane


   Skills:
 + Level 7.4 Fighting
 + Level 5.0(7.3) Short Blades
 + Level 8.3(9.0) Long Blades
 + Level 4.4 Throwing
 + Level 4.5 Armour
 + Level 5.7 Dodging
 + Level 10.0 Stealth
 + Level 5.3 Shields
 * Level 5.3 Evocations


You had 10 spell levels left.
You didn't know any spells.
Your spell library was empty.

Dungeon Overview and Level Annotations

Branches:
Dungeon (12/15)            Temple (0/1) D:7            Lair (0/5) D:10
    Orc: D:9-12

Altars:
Elyvilon
Hepliaklqana
Uskayaw

Shops:
D:3 (   D:8 ?(==


Innate Abilities, Weirdness & Mutations

Your serpentine skin is tough. (AC +3)
You have supernaturally acute eyesight. (SInv)
Armour fits poorly on your strangely shaped body.
Your system is resistant to poisons. (rPois)
You cover ground very slowly.
You can spit poison.
You have a snake-like lower body.


Message History

You block the acid dragon's attack. x2
You hit the acid dragon but do no damage.
The acid dragon is lightly wounded.
You have got your breath back.
The acid dragon closely misses you. You block the acid dragon's attack.
You hit the acid dragon.
The acid dragon is lightly wounded.
The acid dragon spits acid at you. The splash of acid hits you!!
You hit the acid dragon but do no damage.
The acid dragon is poisoned.
The acid dragon is lightly wounded.
You hit the acid dragon.
The acid dragon is moderately wounded.
You block the acid dragon's attack. The acid dragon closely misses you.
You hit the acid dragon but do no damage.
The acid dragon looks as sick as possible!
The acid dragon is moderately wounded.
You hit the acid dragon but do no damage.
The acid dragon is moderately wounded.
The acid dragon spits acid at you. The splash of acid hits you!!
* * * LOW HITPOINT WARNING * * *
The acid corrodes you!
You hit the acid dragon but do no damage.
The acid dragon is moderately wounded.
The acid dragon barely misses you. The acid dragon claws you.
* * * LOW HITPOINT WARNING * * *
The hound pauses to sniff the water.
Your +2 dagger of venom stops dripping with poison.
The +3 falchion of Winter {venom, rCorr} begins to drip with poison!
s - the +3 falchion of Winter (weapon)
{venom, rCorr} The acid dragon bites you.
* * * LOW HITPOINT WARNING * * *
The acid dragon claws you.
* * * LOW HITPOINT WARNING * * *
Your skin crawls.
You feel strong-willed. The acid dragon bites you!
You die...

~≈≈T≈~~.....~~≈§~.~
~≈≈≈≈≈≈≈h~~~.~≈≈~..
.≈≈≈≈.≈≈≈≈≈≈~≈≈~.~.
..~~.~≈≈≈≈≈≈≈≈~≈≈..
~~~..~≈≈≈≈≈≈≈≈..~~.
..~.~..~~≈≈≈≈≈.....
........~~~~~~~....
...####D#.#.########### ###
##...# #@#.+.#..##.....# #.#
....####.#.#.#...#..#..# ####.#
.......#)#.#.#...#.....# .....#
.....#.#.#.#.#...#.....#
.....####......#.#.#.#...#.....#
+###....#...# #.#...#...#..#..##
...#...)'...# #.#...#...#..#..#.
.#.#....#.#.# #.#.#.'...#.....#.
...##+###...# #...#...#.....##


You could see an acid dragon (very poisoned, catching breath) and a hound.

Vanquished Creatures
  Erolcha (D:10)
  A two-headed ogre (D:9)
  Maggie (D:6)
  An unseen horror (D:12)
  A troll (D:12)
  Prince Ribbit (D:9)
  A shadow (D:9)
  A vampire (D:10)
  A yak (D:6)
  2 wyverns
  Eustachio (D:5)
  2 steam dragons
  Menkaure (D:5)
  Edmund (D:6)
  4 water moccasins
  4 orc warriors
  An ice beast (D:8)
  5 sky beasts
  2 black bears (D:6)
  4 centaurs
  An ogre (D:6)
  A wolf (D:10)
  2 phantoms (D:6)
  2 kobold brigands
  3 necrophages
  A bullfrog (D:7)
  A gnoll sergeant (D:7)
  5 scorpions
  18 wights
  An electric eel (D:10)
  A howler monkey (D:5)
  2 jellies (D:6)
  5 hounds
  7 orc priests
  A gnoll bouda (D:7)
  6 iguanas
  2 orc wizards (D:9)
  Robin (D:3)
  15 gnolls
  13 adders
  3 shadow imps
  2 white imps (D:7)
  An ufetubus (D:5)
  3 worms
  34 orcs
  11 endoplasms
  A giant cockroach (D:1)
  16 goblins
  9 hobgoblins
  A jackal (D:4)
  17 kobolds
  A quokka (D:1)
  5 ball pythons
  4 bats
  3 frilled lizards
  6 rats
241 creatures vanquished.

Vanquished Creatures (others)
  A quokka (D:7)
1 creature vanquished.

Grand Total: 242 creatures vanquished

Notes
Turn   | Place    | Note
-------+----------+-------------------------------------------
     0 | D:1      | Kazon the Naga Berserker began the quest for the Orb.
     0 | D:1      | Reached XP level 1. HP: 21/21 MP: 1/1
    33 | D:1      | Identified a scroll of acquirement
    33 | D:1      | Acquired the amulet "Peif" {Reflect rElec Will+ Str+9 Int+2
                  | SH+5}
   261 | D:1      | Reached XP level 2. HP: 22/28 MP: 2/2
   821 | D:2      | Reached XP level 3. HP: 3/34 MP: 3/3
  1397 | D:2      | Reached ** piety under Trog
  1398 | D:2      | Reached skill level 1 in Stealth
  1588 | D:2      | Reached XP level 4. HP: 42/42 MP: 4/4
  1855 | D:3      | Found Umat's Antique Weapon Boutique.
  1883 | D:3      | Bought a crude falchion for 184 gold pieces
  1883 | D:3      | Identified the +3 falchion of Winter {venom, rCorr} (You
                  | bought it in a shop on level 3 of the Dungeon)
  2072 | D:3      | Reached XP level 5. HP: 30/50 MP: 5/5
  2154 | D:3      | Noticed Robin
  2162 | D:3      | Reached skill level 2 in Stealth
  2172 | D:3      | Killed Robin
  2327 | D:3      | Reached skill level 5 in Fighting
  2327 | D:3      | Reached skill level 5 in Long Blades
  2327 | D:3      | Reached skill level 6 in Stealth
  2327 | D:3      | Reached XP level 6. HP: 60/60 MP: 6/6
  2618 | D:4      | Reached XP level 7. HP: 60/68 MP: 7/7
  2883 | D:4      | Found a hazy altar of Hepliaklqana.
  3201 | D:4      | Reached *** piety under Trog
  3202 | D:4      | Reached skill level 7 in Stealth
  3445 | D:5      | Entered Level 5 of the Dungeon
  3726 | D:5      | Reached XP level 8. HP: 76/76 MP: 8/8
  3729 | D:5      | Noticed Eustachio
  3757 | D:5      | Killed Eustachio
  3758 | D:5      | Reached skill level 8 in Stealth
  3758 | D:5      | Reached skill level 1 in Evocations
  4131 | D:5      | Noticed Menkaure
  4148 | D:5      | Killed Menkaure
  4778 | D:6      | Noticed Maggie
  4800 | D:6      | Killed Maggie
  4801 | D:6      | Reached XP level 9. HP: 50/85 MP: 9/9
  4903 | D:7      | Found a staircase to the Ecumenical Temple.
  5108 | D:6      | Noticed Edmund
  5119 | D:6      | Killed Edmund
  5223 | D:6      | Reached skill level 9 in Stealth
  5343 | D:6      | Reached XP level 10. HP: 82/92 MP: 10/10
  5527 | D:6      | Reached **** piety under Trog
  5634 | D:6      | Reached skill level 5 in Dodging
  5848 | D:7      | Found a white marble altar of Elyvilon.
  6093 | D:7      | Found a hide-covered altar of Uskayaw.
  6256 | D:8      | Found Quzidd's Magic Scroll Emporium.
  6261 | D:8      | Bought a scroll of teleportation for 42 gold pieces
  6548 | D:8      | Found Esumer's Weapon Shop.
  6768 | D:8      | Found Zoxtaeshakh's Jewellery Boutique.
  6828 | D:8      | Found Heidghoki's Jewellery Shop.
  7246 | D:9      | Reached ***** piety under Trog
  7408 | D:9      | You fall into a shaft and drop 3 floors!
  7417 | D:12     | Noticed an unseen horror
  7430 | D:12     | Reached skill level 5 in Shields
  7433 | D:12     | Killed an unseen horror
  7446 | D:10     | Entered Level 10 of the Dungeon
  7670 | D:9      | Reached XP level 11. HP: 96/96 MP: 11/11
  7770 | D:9      | Noticed a two-headed ogre
  7773 | D:9      | Killed a two-headed ogre
  7858 | D:9      | Noticed Prince Ribbit
  7877 | D:9      | Killed Prince Ribbit
  7919 | D:9      | Reached skill level 5 in Evocations
  8138 | D:10     | Identified the +5 long sword of the Land of Plenty {drain,
                  | Dex+3}
  8152 | D:10     | Noticed Erolcha
  8154 | D:10     | Killed Erolcha
  8155 | D:10     | Reached skill level 5 in Short Blades
  8155 | D:10     | Reached skill level 10 in Stealth
  8208 | D:10     | Found a staircase to the Lair.
  8236 | D:10     | HP: 3/100 [acid dragon (6)]
  8237 | D:10     | Mangled by an acid dragon

Illustrated notes

Levels and vault maps discovered:
D:1:      dpeg_arrival_three_smaller_balls, layout_basic
D:2:      layout_loops_ring
D:3:      layout_basic, serial_shops, nicolae_shop_stone, st_stairs_9,
          minmay_misc_feat_doors, eino_curves_03, uniq_robin
D:4:      minmay_wonky_spiral, layout_basic,
          mainiacjoe_overflow_surrounded_room, minivault_5
D:5:      layout_cave_pods, uniq_menkaure, uniq_eustachio
D:6:      cheibrodos_barr_body, layout_basic, minmay_crystal_room,
          minmay_pentangle, uniq_maggie, uniq_edmund
D:7:      layout_cave_pools, nicolae_uskayaw_murder_on_the_dancefloor,
          elyvilon_altar_4, minmay_temple_entry_purple_smoke
D:8:      layout_basic, serial_shops, shop_statue, kennysheep_little_box, shop,
          nicolae_shop_window_shopping
D:9:      layout_cave_pools, uniq_prince_ribbit1
D:10:     layout_stronghold, erik_lair_island, serial_shops,
          nicolae_shop_statue_plus, uniq_erolcha
D:11:     layout_roguey
D:12:     layout_loops_ring, orc_0_dummy, chequers_serial_rivers_marsh,
          uniq_lodul, uniq_nessos, uniq_rupert

Skill      XL: |  1  2  3  4  5  6  7  8  9 10 11 |
---------------+----------------------------------+-----
Dodging        | 2 4 5 |  5.7
Stealth        | 1 6 7 8 9 10 | 10.0
Long Blades    | 4 5 6 8 |  8.3
Fighting       | 5 6 7 |  7.4
Short Blades   | 4 5 |  5.0
Throwing       | 3 4 |  4.4
Armour         | 4 |  4.5
Shields        | 3 4 5 |  5.3
Evocations     | 2 3 4 5 |  5.3

Action                   |  1- 3 |  4- 6 |  7- 9 | 10-12 || total
-------------------------+-------+-------+-------+-------++-------
Melee: Falchion          |    68 |       |   199 |   307 ||   574
       Dagger            |     9 |    88 |    61 |    76 ||   234
       Punch             |     3 |       |     2 |       ||     5
Throw: Stone             |       |    12 |    15 |    47 ||    74
       Boomerang         |       |       |       |     9 ||     9
Invok: Berserk           |     1 |       |     1 |     7 ||     9
       Trog's Hand       |       |     1 |     3 |     2 ||     6
 Abil: Spit Poison       |    21 |     3 |    16 |    12 ||    52
Evoke: Wand              |       |       |     3 |       ||     3
  Use: Scroll            |     1 |       |     3 |     6 ||    10
       Potion            |       |     1 |     3 |     2 ||     6
 Stab: Sleeping          |     2 |     4 |    16 |    12 ||    34
       Distracted        |       |       |       |     1 ||     1
Armor: Animal skin       |    16 |    19 |     9 |       ||    44
       Leather armour    |       |       |    28 |    90 ||   118
Dodge: Dodged            |    39 |    27 |    85 |   139 ||   290
Block: Other             |    12 |    21 |    10 |       ||    43
       Reflection        |     1 |     2 |     1 |     2 ||     6
       Buckler           |       |       |    69 |   160 ||   229
